 Dungeon Crawl Stone Soup version 0.28.0-45-g0d030f2227 (webtiles) character file.

Game seed: 17808975084841494669

12805 protoss039 the Basher (level 11, -4/71 HPs)
             Began as a Gargoyle Fighter on Apr 10, 2022.
             Was a Priest of Okawaru.
             Slain by a large abomination (28 damage)
             ... on level 2 of the Abyss on Apr 11, 2022.
             The game lasted 00:37:55 (17555 turns).

protoss039 the Basher (Gargoyle Fighter)           Turns: 17555, Time: 00:37:56

Health: -4/71      AC: 24    Str: 25    XL:     11   Next: 99%
Magic:  17/17      EV:  7    Int:  8    God:    Okawaru [***...]
Gold:   712        SH: 10    Dex:  9    Spells: 10/10 levels left

rFire   . . .      SeeInvis +   q - +0 morningstar
rCold   . . .      Faith    .   c - +0 buckler
rNeg    + . .      Spirit   .   z - +0 plate armour
rPois   ∞          Reflect  +   m - +1 helmet
rElec   +          Harm     .   r - scarf {repulsion}
rCorr   .          Rampage  .   (no gloves)
Will    .....                   (no boots)
Stlth   ..........              N - amulet of reflection
HPRegen 0.21/turn               C - ring of see invisible
MPRegen 0.15/turn               (no ring)

@: repel missiles
A: sickness immunity, AC +8, negative energy resistance 1, electricity
resistance, torment resistance 1, petrification resistance
a: Renounce Religion, Heroism


You were on level 2 of the Abyss.
You worshipped Okawaru.
Okawaru was most pleased with you.
You visited 2 branches of the dungeon, and saw 13 of its levels.
You visited the Abyss 1 time.
You also visited: Gauntlet.

You collected 712 gold pieces.

Inventory:

Hand Weapons
 e - a +4 hand axe of freezing
 k - a +1 whip of venom
 q - a +0 morningstar (weapon)
Missiles
 f - 3 silver javelins
 I - 5 silver boomerangs (quivered)
 K - a throwing net
Armour
 c - a +0 buckler (worn)
 m - a +1 helmet (worn)
 r - a scarf of repulsion (worn)
 z - a +0 plate armour (worn)
Jewellery
 C - a ring of see invisible (left hand)
 M - an amulet of regeneration
 N - an amulet of reflection (around neck)
Wands
 h - a wand of polymorph (3)
 p - a wand of digging (8)
 y - a wand of flame (34)
Scrolls
 a - 4 scrolls of teleportation
 b - a scroll of acquirement {unknown}
 g - 2 scrolls of amnesia {unknown}
 i - a scroll of immolation
 l - 4 scrolls of identify
 n - a scroll of magic mapping {unknown}
 s - a scroll of enchant armour {unknown}
 t - a scroll of holy word {unknown}
 w - a scroll of fog {unknown}
 x - 3 scrolls of enchant weapon
 A - a scroll of torment {unknown}
 B - 3 scrolls of fear
 G - a scroll of blinking {unknown}
Potions
 d - a potion of might
 j - a potion of cancellation
 o - 3 potions of attraction
 D - a potion of curing
 E - a potion of resistance {unknown}
 F - 2 potions of brilliance
 H - 2 potions of haste
 J - a potion of magic {unknown}
Miscellaneous
 L - a condenser vane (inert)


   Skills:
 + Level 9.0 Fighting
 + Level 10.7 Maces & Flails
 - Level 3.1 Throwing
 + Level 9.1 Armour
 + Level 9.1 Shields
 + Level 8.3 Invocations


You had 10 spell levels left.
You didn't know any spells.
Your spell library contained the following spells:

 Spells                   Type           Power      Damage    Failure   Level
 Foxfire                  Conj/Fire      0%         2x1d4     99%         1
 Pain                     Necr           0%         1d4       99%         1
 Blink                    Tloc           0%         N/A       100%        2
 Conjure Flame            Conj/Fire      0%         6-21      100%        3
 Dazzling Flash           Conj/Hex       0%         N/A       100%        3
 Inner Flame              Hex/Fire       0%         N/A       100%        3
 Lesser Beckoning         Tloc           0%         N/A       100%        3
 Ozocubu's Armour         Ice            0%         N/A       100%        3
 Vampiric Draining        Necr           0%         2d6       100%        3
 Flame Wave               Conj/Fire      0%         2d4       100%        4
 Iskenderun's Mystic Bla  Conj/Tloc      0%         2d3       100%        4
 Manifold Assault         Tloc           0%         N/A       100%        5
 Metabolic Englaciation   Hex/Ice        0%         N/A       100%        5
 Starburst                Conj/Fire      0%         6d3       100%        6
 Animate Skeleton         Necr           Unusable   N/A       N/A         1
 Simulacrum               Ice/Necr       Unusable   N/A       N/A         6

Dungeon Overview and Level Annotations

Branches:
Dungeon (12/15)            Temple (1/1) D:4            Lair (0/6) D:9
Gauntlet (visited)
    Orc: D:9-12

Altars:
Ashenzari
Cheibriados
Dithmenos
Elyvilon
Fedhas
Gozag
Hepliaklqana
Kikubaaqudgha
Makhleb
Nemelex Xobeh
Okawaru
Qazlal
Ru
Sif Muna
Trog
Uskayaw
Vehumet
Wu Jian
Xom
Yredelemnul
Zin
The Shining One

Shops:
D:11 *

Annotations:
D:12 Sonja


Innate Abilities, Weirdness & Mutations

You are immune to sickness and miasma.
Your stone body is resilient. (AC +8)
You are immune to poison.
You resist negative energy. (rN+)
You are resistant to electric shocks. (rElec)
You are resistant to unholy torment.
You are immune to petrification.


Message History

Here: a four-headed hydra zombie (wandering, hasn't noticed you)
The floor.
You plunge deeper into the Abyss.
Unknown command.
You start resting.
A harpy simulacrum punctures the fabric of the universe.
Unknown command.
The harpy simulacrum claws you but does no damage.
You block the harpy simulacrum's attack.
The harpy simulacrum claws you but does no damage.
You block the harpy simulacrum's attack.
Unknown command.
You sock the harpy simulacrum!
The harpy simulacrum is almost destroyed.
You block the harpy simulacrum's attack.
The harpy simulacrum claws you but does no damage.
The harpy simulacrum barely misses you.
You block the harpy simulacrum's attack.
Unknown command.
You impale the harpy simulacrum!!
The harpy simulacrum vaporises!
That felt strangely unrewarding.
Unknown command.
You start resting.
A large abomination coalesces out of seething chaos.
Press: ? - help, v - describe, . - travel
Here: a large abomination (translocational energy, wandering, hasn't noticed you)
The floor.
You bludgeon the large abomination!!
The large abomination is moderately damaged.
You puncture the large abomination!
The large abomination is heavily damaged.
The large abomination hits you!!
You barely miss the large abomination.
The large abomination is heavily damaged.
The large abomination barely misses you.
You hit the large abomination but do no damage.
The large abomination is heavily damaged.
The large abomination hits you!!
You die...

#.... .... .##. .
...⌠.. ..#.. ≈...
... .....##.# ...#
..........#..##..
#. ........##.#
..#... ...#..
#.#.###....##
....... .......#..#
#...##.###....≈..#.
#.....# #..@.......
# ..# #...#X....#.
.# ...........#...
.# #..##...#.##.#
#. .# ...## ## ...
##.# .#. ... . . #.
..


You could see a large abomination.

Vanquished Creatures
  A tentacled starspawn (Abyss:1)
  4 two-headed ogres
  A manticore (D:10)
  Maurice (D:8)
  A cyclops (D:11)
  A kobold demonologist (D:10)
  A tormentor (Abyss:1)
  2 trolls
  2 ancient zymes (Abyss:1)
  A komodo dragon (D:11)
  A shadow (D:12)
  A wyvern (D:7)
  6 yaks (D:8)
  4 vampire mosquitoes
  A steam dragon (D:9)
  2 acid dragons
  6 water moccasins
  A harpy simulacrum (Abyss:2)
  Duvessa (D:7)
  7 orc warriors
  2 sky beasts (D:8)
  An ice beast (D:8)
  2 black bears
  A necrophage (D:6)
  4 boggarts (D:10)
  3 ogres
  4 centaurs
  3 kobold brigands
  A small abomination (Abyss:1)
  4 bullfrogs
  A gnoll sergeant (D:8)
  A water moccasin zombie (D:5)
  A scorpion (D:6)
  A wyvern skeleton (D:7)
  Dowan (D:6)
  18 killer bees
  5 howler monkeys
  11 wights
  A vampire bat (D:6)
  A bullfrog zombie (D:5)
  2 hounds (D:6)
  3 iron imps
  A bullfrog skeleton (D:6)
  A jelly (D:5)
  9 orc priests
  Terence (D:3)
  3 iguanas
  19 orc wizards
  Natasha (thrice) (D:4)
  A killer bee zombie (D:7)
  A howler monkey zombie (D:9)
  A howler monkey skeleton (D:7)
  4 gnolls
  11 adders
  A shadow imp (D:5)
  A white imp (D:6)
  2 ufetubi (D:5)
  4 worms
  2 dart slugs (D:1)
  42 orcs
  11 bats
  6 endoplasms
  4 giant cockroaches
  7 goblins
  5 hobgoblins
  5 jackals
  4 quokkas
  6 ball pythons
  4 frilled lizards
  A goblin skeleton (D:6)
  17 kobolds
  3 kobold skeletons (D:6)
  2 kobold zombies (D:6)
  3 orc skeletons (D:6)
  2 orc zombies (D:6)
  3 rats
  A starspawn tentacle (Abyss:1)
307 creatures vanquished.

Vanquished Creatures (others)
  A shadow (D:12)
  A demonic plant (D:1)
  34 fungi
  48 plants
  2 starspawn tentacles (Abyss:1)
86 creatures vanquished.

Grand Total: 393 creatures vanquished

Notes
Turn   | Place    | Note
-------+----------+-------------------------------------------
     0 | D:1      | protoss039 the Gargoyle Fighter began the quest for the
                  | Orb.
     0 | D:1      | Reached XP level 1. HP: 14/14 MP: 1/1
   210 | D:1      | Reached XP level 2. HP: 19/19 MP: 2/2
   570 | D:1      | Reached XP level 3. HP: 23/23 MP: 3/3
   851 | D:1      | Found a faded altar of an unknown god.
  1095 | D:2      | Reached XP level 4. HP: 27/29 MP: 4/4
  1762 | D:2      | Reached skill level 3 in Maces & Flails
  1854 | D:2      | Reached XP level 5. HP: 32/33 MP: 5/5
  2251 | D:3      | Noticed Terence
  2260 | D:3      | Killed Terence
  2863 | D:3      | Reached XP level 6. HP: 39/39 MP: 6/6
  3081 | D:4      | Noticed Natasha
  3091 | D:4      | Killed Natasha
  3092 | D:4      | Reached skill level 4 in Maces & Flails
  3092 | D:4      | Noticed Natasha
  3101 | D:4      | Killed Natasha
  3226 | D:4      | Found a staircase to the Ecumenical Temple.
  3239 | Temple   | Entered the Ecumenical Temple
  3368 | Temple   | Became a worshipper of Warmaster Okawaru
  3393 | D:4      | Noticed Natasha
  3415 | D:4      | Killed Natasha
  3653 | D:4      | Reached skill level 1 in Invocations
  3653 | D:4      | Reached XP level 7. HP: 44/44 MP: 7/7
  4012 | D:5      | Entered Level 5 of the Dungeon
  4030 | D:5      | Reached skill level 5 in Armour
  4030 | D:5      | Reached skill level 5 in Shields
  4093 | D:5      | Reached skill level 5 in Fighting
  4565 | D:5      | Found an ancient bone altar of Kikubaaqudgha.
  4568 | D:5      | Found a glowing silver altar of Zin.
  4568 | D:5      | Found a broken altar of Ashenzari.
  4638 | D:5      | Reached skill level 5 in Maces & Flails
  5515 | D:6      | Reached XP level 8. HP: 49/49 MP: 10/10
  5524 | D:6      | Found a glowing golden altar of the Shining One.
  5526 | D:6      | Identified the +1 leather armour "Lim Daosyuke" {rPois
                  | Regen+ rCorr}
  5544 | D:6      | Reached * piety under Okawaru
  6061 | D:6      | Reached ** piety under Okawaru
  6134 | D:6      | Reached skill level 6 in Maces & Flails
  6781 | D:7      | Noticed Duvessa
  6781 | D:7      | Noticed Dowan
  6903 | D:7      | Killed Duvessa
  6904 | D:7      | Reached skill level 5 in Invocations
  6904 | D:7      | Reached XP level 9. HP: 30/55 MP: 12/12
  7089 | D:6      | Killed Dowan
  7390 | D:7      | Reached *** piety under Okawaru
  7778 | D:7      | Reached skill level 7 in Maces & Flails
  8327 | D:8      | Found a flagged portal.
  8392 | D:7      | Reached **** piety under Okawaru
  9334 | D:8      | Reached XP level 10. HP: 37/61 MP: 15/15
  9477 | D:8      | Noticed Maurice
  9512 | D:8      | Killed Maurice
  9513 | D:8      | Reached skill level 8 in Maces & Flails
  9862 | D:8      | Reached ***** piety under Okawaru
 10895 | D:8      | Identified the +8 great mace "Kunouv" {vorpal, Str-3 Dex+6}
                  | (Okawaru gifted it to you on level 8 of the Dungeon)
 10895 | D:8      | Received a gift from Okawaru
 11139 | D:8      | Reached skill level 9 in Maces & Flails
 11400 | D:8      | HP: 3/64 [yak (4)]
 11779 | D:9      | Reached XP level 11. HP: 68/68 MP: 17/17
 11885 | D:9      | Found a staircase to the Lair.
 12013 | D:9      | Noticed a two-headed ogre
 12027 | D:9      | Killed a two-headed ogre
 12595 | D:10     | Entered Level 10 of the Dungeon
 12732 | D:10     | Noticed a two-headed ogre
 12896 | D:10     | Found a radiant altar of Vehumet.
 13819 | D:10     | Found a burning altar of Makhleb.
 14194 | D:10     | Noticed a two-headed ogre
 14199 | D:10     | Received a gift from Okawaru
 14200 | D:10     | Reached skill level 10 in Maces & Flails
 14236 | D:10     | Killed a two-headed ogre
 14237 | D:10     | Reached skill level 1 in Throwing
 14695 | D:11     | Found a gate leading to a gauntlet.
 14695 | D:11     | Noticed a two-headed ogre
 14705 | D:11     | Killed a two-headed ogre
 14908 | D:11     | Noticed a cyclops
 14950 | D:11     | Killed a cyclops
 14956 | Gauntlet | Entered a Gauntlet
 14956 | Gauntlet | Found a transporter.
 14956 | Gauntlet | Found a transporter.
 14973 | Gauntlet | Noticed a tengu warrior
 14994 | Gauntlet | Noticed a fire crab
 15199 | Gauntlet | Found a transporter.
 15199 | Gauntlet | Found a transporter.
 15217 | Gauntlet | Found a transporter.
 15223 | Gauntlet | Noticed a death drake
 15227 | Gauntlet | Found a transporter.
 15227 | Gauntlet | Found a transporter.
 15230 | Gauntlet | Found a transporter.
 15253 | Gauntlet | Noticed a mana viper
 15253 | Gauntlet | a jumping spider changed into a mana viper
 15257 | Gauntlet | Found a transporter.
 15257 | Gauntlet | Noticed a death drake
 15257 | Gauntlet | a mana viper changed into a death drake
 15264 | Gauntlet | Found a transporter.
 15270 | Gauntlet | Noticed a lindwurm
 15270 | Gauntlet | a yaktaur changed into a lindwurm
 15286 | Gauntlet | Found a transporter.
 15321 | Gauntlet | Found a transporter.
 15323 | Gauntlet | Noticed a wizard
 15335 | Gauntlet | Found a transporter.
 15426 | Gauntlet | Found a transporter.
 15435 | Gauntlet | Found a transporter.
 15453 | Gauntlet | Found a transporter.
 15466 | Gauntlet | Noticed a manticore
 15466 | Gauntlet | a manticore changed into a dream sheep
 15585 | D:11     | Found Zin's Purification Station.
 15586 | D:11     | Found a glowing silver altar of Zin.
 15929 | D:11     | Noticed a two-headed ogre
 16032 | D:11     | Noticed a manticore
 16310 | D:10     | Killed a manticore
 16950 | D:12     | Noticed Sonja
 16993 | D:11     | Killed a two-headed ogre
 16993 | D:11     | Received a gift from Okawaru
 17226 | D:12     | Cast into level 1 of the Abyss (Sonja)
 17236 | Abyss:1  | Noticed a starcursed mass
 17407 | Abyss:1  | Noticed a tentacled starspawn
 17425 | Abyss:1  | Killed a tentacled starspawn
 17555 | Abyss:2  | Slain by a large abomination

Illustrated notes

Levels and vault maps discovered:
D:1:      enne_arrival_octagon_isle, layout_basic,
          dreamdust_ecumenical_altar_sealed_demon
D:2:      layout_basic
D:3:      layout_loops_ring, uniq_terence
D:4:      layout_rooms, minmay_temple_entry_waves, uniq_natasha
D:5:      layout_loops_ring, grunt_temple_overflow_diamond, st_stairs_6,
          hangedman_decor_peaks_small, kennysheep_cluttered_room,
          hangedman_abyss_or_decor_stagger, minmay_misc_feat_hallway
D:6:      layout_loops_ring, nicolae_tso_besieged_by_evil, roderic_batcave,
          chequers_serial_rivers_micro_e, minmay_crystal_room,
          kennysheep_generic_room_4
D:7:      layout_cave_pools, uniq_duvessa
D:8:      layout_basic, enter_bailey_6, uniq_maurice
D:9:      layout_basic, due_lair_maze_entry_diamond
D:10:     minmay_spotlight, layout_stronghold, mainiacjoe_overflow_paths,
          mainiacjoe_overflow_cross_hatched
D:11:     layout_basic, gauntlet_entry_generic, zin_purify
D:12:     layout_basic, kennysheep_orc_monster_closet_entryway,
          kennysheep_generic_room_7, uniq_erolcha, uniq_sonja
Temple:   compressed_dpeg_circular_temple
Abyss:2:  base: D:3, hangedman_decor_peaks_small, bh_abyss_exit_choice

Skill      XL: |  1  2  3  4  5  6  7  8  9 10 11 |
---------------+----------------------------------+-----
Armour         | 4 5 6 8 9 |  9.1
Shields        | 4 5 6 8 9 |  9.1
Fighting       | 4 5 6 7 9 |  9.0
Maces & Flails | 3 4 5 6 7 9 10 | 10.7
Invocations    | 1 3 5 6 8 |  8.3
Throwing       | 3 |  3.1

Action                   |  1- 3 |  4- 6 |  7- 9 | 10-12 || total
-------------------------+-------+-------+-------+-------++-------
Melee: Flail             |    93 |    16 |       |       ||   109
       Whip              |       |   203 |   257 |    12 ||   472
       Morningstar       |       |     2 |   245 |   433 ||   680
       Hand axe          |       |       |       |   169 ||   169
Throw: Javelin           |       |       |     2 |     5 ||     7
       Boomerang         |       |       |       |    39 ||    39
       Throwing net      |       |       |       |     1 ||     1
Invok: Heroism           |       |       |     3 |     6 ||     9
       Finesse           |       |       |     1 |     1 ||     2
Evoke: Wand              |       |       |       |    10 ||    10
       Condenser vane    |       |       |       |     1 ||     1
  Use: Potion            |       |     1 |     8 |     1 ||    10
       Scroll            |       |       |     6 |     6 ||    12
Armor: Scale mail        |    60 |    80 |   120 |       ||   260
       Ring mail         |       |       |    97 |    34 ||   131
       Plate armour      |       |       |       |   461 ||   461
Dodge: Dodged            |    49 |    74 |   242 |   280 ||   645
       Repelled          |       |       |     6 |     1 ||     7
Block: Buckler           |    14 |    37 |   119 |   209 ||   379
       Reflection        |       |       |       |     2 ||     2
